Map: Ruines de Seras

Players

mjood

  • Race: Zerg Zerg
  • League: Gold

Snake - Winner!

  • Race: Protoss Protoss
  • League: Silver

VOD

Have the link to the VOD?

Description

Time

  • Played on: Aug. 15, 2015, 11:06 a.m.
  • Length: 9:20
Show
View Real Time Build Order
Export as new Build Order

mjood Zerg 

Build Orders: Pool First 

Get SALT Encoding   

  12  0:01  Drone  
  13  0:13  Overlord  
  13  0:19  Drone  
  14  0:32  Drone x2  
  16  0:38  Drone  
  17  0:45  Extractor  
  17  0:47  Drone  
  17  0:52  Spawning Pool  
  16  1:00  Drone  
  17  1:09  Drone  
  18  1:19  Drone  
  19  1:38  Hatchery, Queen  
  20  1:47  Metabolic Boost  
  20  1:50  Zergling x4  
  22  1:57  Overlord  
  22  2:14  Queen  
  22  2:15  Drone x2  
  26  2:23  Zergling x2  
  27  2:36  Zergling x2  
  28  2:49  Queen  
  31  2:51  Zergling x8  
  31  2:52  Zergling x4  
  36  3:03  Overlord x2  
  36  3:13  Roach Warren  
  34  3:29  Drone x3  
  34  3:30  Drone x4  
  40  3:45  Lair  
  40  3:46  Drone x2  
  40  3:47  Drone  
  43  4:09  Drone x3  
  46  4:15  Drone  
  46  4:16  Drone x2  
  49  4:22  Hatchery, Drone x2  
  49  4:23  Drone  
  50  4:30  Evolution Chamber  
  50  4:31  Drone x2, Extractor  
  48  4:33  Drone  
  51  4:53  Hydralisk Den  
  50  5:03  Drone  
  50  5:05  Overlord x2  
  50  5:06  Extractor x2  
  49  5:21  Glial Reconstitution  
  49  5:26  Muscular Augments  
  49  5:32  Drone x5  
  49  5:33  Drone  
  55  5:36  Drone  
  55  5:37  Drone x7  
  55  5:38  Drone  
  64  6:03  Drone  
  67  6:04  Drone x8, Extractor  
  67  6:06  Extractor  
  71  6:14  Drone  
  71  6:18  Drone x2  
  74  6:20  Overlord x3  
  74  6:24  Burrow  
  74  6:44  Hydralisk x9  
  92  6:48  Hatchery  
  91  6:56  Roach x3  
  91  6:58  Roach  
  91  6:59  Hatchery  
  94  7:02  Overlord x2  
  81  7:16  Roach x3  
  81  7:17  Roach x7  
  91  7:39  Roach  
  91  7:40  Roach x3  
  91  7:43  Roach x7  
  89  7:58  Hydralisk x2  
  84  8:01  Roach  
  86  8:06  Drone  
  86  8:07  Drone  
  88  8:19  Roach  
  84  8:34  Hydralisk, Spawning Pool  
  83  8:35  Hydralisk x7  
  81  8:50  Hydralisk  
Show
View Real Time Build Order
Export as new Build Order

Snake Protoss - Winner!

Build Orders:  

Get SALT Encoding   

  12  0:12  Pylon  
  12  0:19  Probe  
  13  0:31  Probe  
  14  0:43  Probe (Chrono Boost)  
  15  0:53  Probe (Chrono Boost)  
  16  1:00  Probe  
  17  1:12  Nexus  
  17  1:13  Probe (Chrono Boost)  
  18  1:24  Probe (Chrono Boost)  
  19  1:30  Probe (Chrono Boost)  
  20  1:36  Gateway  
  20  1:39  Pylon  
  20  1:42  Probe (Chrono Boost)  
  20  1:44  Assimilator  
  22  1:54  Probe (Chrono Boost)  
  22  1:55  Assimilator  
  22  2:00  Probe (Chrono Boost)  
  23  2:11  Probe, Forge  
  24  2:16  Gateway  
  24  2:23  Probe  
  24  2:28  Cybernetics Core  
  25  2:30  Probe  
  26  2:38  Probe  
  26  2:42  Probe  
  28  2:50  Probe  
  29  2:56  Zealot (Chrono Boost)  
  30  3:00  Probe, Photon Cannon  
  30  3:02  Probe  
  32  3:12  Gateway  
  32  3:15  Pylon  
  32  3:25  Photon Cannon  
  32  3:34  Probe  
  32  3:35  Probe, Robotics Facility  
  32  3:42  Sentry  
  32  3:44  Gateway  
  34  3:52  Gateway  
  34  3:56  Probe x2  
  34  4:01  Warp Gate (Chrono Boost)  
  36  4:04  Stalker  
  36  4:08  Stalker  
  40  4:16  Pylon  
  42  4:17  Mothership Core (Chrono Boost)  
  42  4:27  Immortal  
  46  4:42  Adept x2  
  50  4:51  Gateway  
  50  4:53  Gateway  
  50  4:57  Pylon  
  50  5:00  Pylon  
  50  5:06  Immortal (Chrono Boost)  
  54  5:12  Probe  
  54  5:13  Probe  
  56  5:16  Assimilator  
  56  5:20  Assimilator  
  56  5:22  Pylon  
  56  5:35  Pylon  
  56  5:36  Pylon  
  56  5:38  Warp Prism (Chrono Boost)  
  58  5:46  Sentry  
  58  5:47  Sentry x2  
  58  5:49  Adept x2  
  68  5:50  Adept  
  68  5:51  Zealot  
  68  5:56  Probe x2  
  74  6:00  Pylon  
  74  6:05  Pylon  
  74  6:08  Probe  
  75  6:16  Adept x3  
  81  6:23  Sentry  
  81  6:24  Zealot  
  81  6:25  Zealot  
  87  6:35  Pylon  
  87  6:36  Pylon  
  87  6:38  Pylon  
  87  6:51  Adept  
  87  6:52  Stalker, Adept  
  87  6:53  Stalker  
  95  6:54  Zealot  
  87  7:39  Adept x2  
  87  7:40  Adept x5  
  93  8:03  Zealot x6  
  93  8:04  Zealot  
  101  8:28  Adept x3  
  101  8:29  Adept x4  
  101  8:33  Adept  
  101  8:34  Adept x6  
  105  8:55  Adept x3  
  99  8:56  Adept x2  
  99  8:57  Adept x2  
  99  9:18  Stalker x2  
Tags
 
Add a new tag
Caveats
  • Supply blocks, unpowered buildings, or Contaminate may cause inaccurate times.
  • Supply counts are checked every 10 seconds.